 Dungeon Crawl Stone Soup version 0.28.0 (webtiles) character file.

Game seed: 2620150940181074022

3865 bande the Cleaver (level 10, -5/61 HPs)
             Began as a Gargoyle Fighter on Feb 10, 2022.
             Was a Believer of Okawaru.
             Slain by a steam dragon (7 damage)
             ... on level 8 of the Dungeon.
             The game lasted 00:19:55 (10099 turns).

bande the Cleaver (Gargoyle Fighter)               Turns: 10099, Time: 00:19:56

Health: -5/61      AC: 21    Str: 18    XL:     10   Next: 19%
Magic:  13/13      EV:  9    Int:  9    God:    Okawaru [**....]
Gold:   473        SH:  7    Dex: 13    Spells: 9/9 levels left

rFire   . . .      SeeInvis .   a - +1 war axe
rCold   . . .      Faith    .   u - +2 buckler
rNeg    + . .      Spirit   .   k - +0 plate armour
rPois   ∞          Reflect  .   y - +1 hat
rElec   +          Harm     .   (no cloak)
rCorr   .          Rampage  .   (no gloves)
Will    ++...                   (no boots)
Stlth   ..........              (no amulet)
HPRegen 0.20/turn               l - +4 ring of evasion
MPRegen 0.13/turn               j - ring of willpower

@: no status effects
A: sickness immunity, AC +7, negative energy resistance 1, electricity
resistance, torment resistance 1, petrification resistance, strong-willed 1,
passive freeze, sense surroundings 1, weak 1
a: Renounce Religion, Heroism


You were on level 8 of the Dungeon.
You worshipped Okawaru.
Okawaru was pleased with you.
You visited 2 branches of the dungeon, and saw 9 of its levels.
You also visited: Sewer.

You collected 473 gold pieces.

Inventory:

Hand Weapons
 a - a +1 war axe (weapon)
 t - a +0 flail
Armour
 k - a +0 plate armour (worn)
 u - a +2 buckler (worn)
 v - a +0 helmet
 y - a +1 hat (worn)
Jewellery
 g - a +6 ring of dexterity
 j - a ring of willpower (right hand)
 l - a +4 ring of evasion (left hand)
 q - a ring of willpower
Wands
 c - a wand of mindburst (10)
 m - a wand of polymorph (6)
 o - a wand of digging (3)
 x - a wand of flame (10)
Scrolls
 b - a scroll of enchant armour
 r - a scroll of fog
 s - a scroll of teleportation
Potions
 d - 2 potions of might
 e - a potion of brilliance {unknown}
 f - 6 potions of curing
 h - 3 potions of mutation
 i - a potion of heal wounds
 p - 2 potions of magic
 w - a potion of cancellation {unknown}
Miscellaneous
 n - a phantom mirror


   Skills:
 + Level 6.4 Fighting
 + Level 8.8 Axes
 + Level 7.8 Armour
 - Level 0.1 Stealth
 + Level 6.0 Shields
 * Level 4.1 Invocations
 * Level 3.3 Evocations


You had 9 spell levels left.
You didn't know any spells.
Your spell library contained the following spells:

 Spells                   Type           Power      Damage    Failure   Level
 Apportation              Tloc           0%         N/A       100%        1
 Beastly Appendage        Tmut           0%         N/A       100%        1
 Magic Dart               Conj           0%         1d3       100%        1
 Sting                    Tmut/Pois      0%         1d3       100%        1
 Ensorcelled Hibernation  Hex/Ice        0%         N/A       100%        2
 Passwall                 Tmut/Erth      0%         N/A       100%        2
 Poisonous Vapours        Pois/Air       0%         N/A       100%        2
 Wereblood                Tmut           0%         N/A       100%        2
 Mephitic Cloud           Conj/Pois/Air  0%         N/A       100%        3
 Spider Form              Tmut/Pois      0%         N/A       100%        3
 Swiftness                Air            0%         N/A       100%        3
 Olgreb's Toxic Radiance  Pois           0%         N/A       100%        4
 Animate Skeleton         Necr           Unusable   N/A       N/A         1
 Summon Small Mammal      Summ           Unusable   N/A       N/A         1
 Call Imp                 Summ           Unusable   N/A       N/A         2
 Call Canine Familiar     Summ           Unusable   N/A       N/A         3
 Summon Guardian Golem    Hex/Summ       Unusable   N/A       N/A         3

Dungeon Overview and Level Annotations

Branches:
Dungeon (8/15)             Temple (1/1) D:6           Sewer (visited)
   Lair: D:8-11

Altars:
Cheibriados
Dithmenos
Elyvilon
Fedhas
Hepliaklqana
Kikubaaqudgha
Makhleb
Nemelex Xobeh
Okawaru
Qazlal
Ru
Sif Muna
Trog
Uskayaw
Vehumet
Wu Jian
Xom
Yredelemnul
Zin
The Shining One
Lugonu

Shops:
D:6 (

Annotations:
D:8 3 runed translucent doors, puppykicker's ghost, novice VSAM


Innate Abilities, Weirdness & Mutations

You are immune to sickness and miasma.
Your stone body is resilient. (AC +7)
You are immune to poison.
You resist negative energy. (rN+)
You are resistant to electric shocks. (rElec)
You are resistant to unholy torment.
You are immune to petrification.
You are strong-willed. (Will+)
A frigid envelope surrounds you and freezes all who hurt you.
You passively map a small area around you.
You are weak. (Str -2)


Message History

You block the gnoll sergeant's attack.
You hit the gnoll sergeant but do no damage.
The gnoll sergeant is lightly wounded.
The gnoll sergeant hits you with a +5 trident of venom.
The gnoll sergeant is very cold.
The gnoll sergeant is moderately wounded.
You slash the gnoll sergeant!
The gnoll sergeant is severely wounded.
The gnoll sergeant hits you with a +5 trident of venom!
The gnoll sergeant blocks your attack.
The gnoll sergeant is severely wounded.
The gnoll sergeant hits you with a +5 trident of venom!
The gnoll sergeant is very cold.
You kill the gnoll sergeant!
Okawaru accepts your kill. The steam dragon breathes steam at you.
The ball of steam hits you!
You hit the jelly.
Your hands burn!
* * * LOW HITPOINT WARNING * * *
The jelly is lightly wounded.
You are engulfed in a cloud of scalding steam.
* * * LOW HITPOINT WARNING * * *
The jelly is engulfed in a cloud of scalding steam.
The jelly hits you but does no damage.
The jelly is very cold.
You kill the jelly!
Okawaru accepts your kill. The steam dragon breathes steam at you.
The ball of steam hits you!
* * * LOW HITPOINT WARNING * * *
You are engulfed in a cloud of scalding steam.
The steam dragon bites you but does no damage.
The steam dragon is very cold.
The steam dragon is moderately wounded.
The steam dragon barely misses you.
Items here: ) [[ †.
You completely miss the steam dragon.
The steam dragon is moderately wounded.
You are engulfed in a cloud of scalding steam.
The steam dragon bites you!
You die...

########..
#......#..
#......#..
#......#..
######.....'..
#####...########..
#§§.....#.........
#'####..#.........
*♣@♣* #..+.......##
♣§§D.⌠♣#..#.......#
♣..$..♣#..#.......#
♣.$.[.♣#..#.......#
♣.....♣#..#.....<.#
♣⌠...⌠♣#..#.......#
♣♣♣♣♣♣♣#..#.......#
#######..#.......#
##...#....#.......#


You could see a steam dragon (catching breath).

Vanquished Creatures
  A two-headed ogre (D:8)
  Prince Ribbit (D:6)
  A water moccasin (D:5)
  Duvessa (D:6)
  An ice beast (D:7)
  A hornet zombie (D:7)
  An orc warrior (D:7)
  A sky beast (D:7)
  A necrophage (D:6)
  An ogre (D:5)
  A centaur (D:7)
  4 bullfrogs
  A gnoll sergeant (D:8)
  2 scorpions
  A wyvern skeleton (D:7)
  Dowan (D:6)
  A water moccasin skeleton (D:5)
  5 killer bees (D:6)
  3 wights (D:8)
  6 electric eels (D:7)
  3 howler monkeys (D:8)
  4 jellies
  4 centaur zombies
  A centaur skeleton (D:6)
  2 gnoll shamans
  An orc priest (D:8)
  4 hounds
  A bullfrog skeleton (D:6)
  2 iguanas
  3 orc wizards
  A hound zombie (D:5)
  7 gnolls
  A howler monkey skeleton (D:6)
  5 adders
  A river rat (D:6)
  2 white imps
  4 ufetubi
  A worm (D:2)
  3 dart slugs
  21 orcs
  14 ball pythons
  6 endoplasms
  16 giant cockroaches
  7 goblins
  9 hobgoblins
  4 jackals (D:3)
  14 quokkas
  5 bats
  11 frilled lizards
  9 kobolds
  8 rats
209 creatures vanquished.

Vanquished Creatures (others)
  14 plants (D:7)
14 creatures vanquished.

Grand Total: 223 creatures vanquished

Notes
Turn   | Place    | Note
-------+----------+-------------------------------------------
     0 | D:1      | bande the Gargoyle Fighter began the quest for the Orb.
     0 | D:1      | Reached XP level 1. HP: 14/14 MP: 1/1
   239 | D:1      | Reached XP level 2. HP: 19/19 MP: 2/2
   632 | D:1      | Reached skill level 2 in Axes
  1405 | D:2      | Reached XP level 3. HP: 23/23 MP: 3/3
  1896 | D:2      | Reached skill level 3 in Axes
  1896 | D:2      | Reached XP level 4. HP: 27/29 MP: 4/4
  2122 | D:3      | Found an ancient bone altar of Kikubaaqudgha.
  2162 | D:3      | Gained mutation: You are strong-willed. (Will+) [potion of
                  | mutation]
  2162 | D:3      | Gained mutation: A frigid envelope surrounds you and
                  | freezes all who hurt you. [potion of mutation]
  2162 | D:3      | Gained mutation: You are weak. (Str -2) [potion of
                  | mutation]
  2162 | D:3      | Gained mutation: You passively map a small area around you.
                  | [potion of mutation]
  2219 | D:3      | Found a glowing silver altar of Zin.
  2812 | D:3      | Reached XP level 5. HP: 33/33 MP: 5/5
  2839 | D:3      | Found a faded altar of an unknown god.
  3189 | D:4      | Found a white marble altar of Elyvilon.
  3292 | D:4      | Reached skill level 4 in Axes
  3295 | D:4      | You fall into a shaft and drop 3 floors!
  3328 | D:7      | Noticed a sky beast
  3337 | D:7      | Killed a sky beast
  3338 | D:7      | Reached XP level 6. HP: 27/39 MP: 6/6
  3494 | D:6      | Found a staircase to the Ecumenical Temple.
  3531 | D:6      | Reached skill level 5 in Axes
  3531 | D:6      | Reached XP level 7. HP: 39/44 MP: 7/7
  3560 | D:6      | Reached skill level 5 in Armour
  3692 | D:6      | Found a glowing drain.
  3704 | Sewer    | Entered a sewer
  3844 | Sewer    | Reached skill level 6 in Axes
  3966 | Sewer    | Reached XP level 8. HP: 42/48 MP: 8/8
  3967 | Sewer    | Reached skill level 5 in Fighting
  4032 | D:6      | Identified the +9 falchion of Feidwut {drain, rN+}
  4097 | D:6      | Noticed Prince Ribbit
  4100 | Temple   | Entered the Ecumenical Temple
  4223 | D:6      | Found Waegur's Weapon Shoppe.
  4237 | D:6      | Killed Prince Ribbit
  4788 | D:6      | Noticed Duvessa
  4788 | D:6      | Noticed Dowan
  4794 | D:6      | Killed Duvessa
  4796 | D:6      | Killed Dowan
  4797 | D:6      | Reached skill level 5 in Shields
  5136 | D:5      | Entered Level 5 of the Dungeon
  5241 | D:5      | Reached skill level 7 in Axes
  5607 | D:4      | Found a shimmering altar of Xom.
  5607 | D:4      | Found an iron altar of Okawaru.
  5884 | D:4      | Became a worshipper of Warmaster Okawaru
  6306 | D:5      | Reached skill level 1 in Invocations
  6330 | D:5      | Reached skill level 1 in Evocations
  6330 | D:5      | Reached XP level 9. HP: 29/54 MP: 9/9
  6741 | D:6      | Found a sacrificial altar of Ru.
  7154 | D:7      | Found a stormy altar of Qazlal.
  7173 | D:7      | Found a hazy altar of Hepliaklqana.
  7517 | D:7      | Reached * piety under Okawaru
  8669 | D:8      | Found a radiant altar of Vehumet.
  8681 | D:8      | Reached skill level 8 in Axes
  9000 | D:8      | Found a shadowy altar of Dithmenos.
  9042 | D:8      | Noticed a two-headed ogre
  9520 | D:8      | Killed a two-headed ogre
  9520 | D:8      | Reached ** piety under Okawaru
  9521 | D:8      | Reached XP level 10. HP: 35/60 MP: 12/12
  9684 | D:8      | Found a runed translucent gate.
  9687 | D:8      | Noticed puppykicker's ghost (novice VSAM)
  9694 | D:8      | Found a runed translucent gate.
  9717 | D:8      | Found a runed translucent gate.
  9719 | D:8      | Found a basalt altar of Yredelemnul.
 10097 | D:8      | HP: 1/61 [steam dragon/ball of steam (14)]
 10099 | D:8      | Slain by a steam dragon

Illustrated notes

Levels and vault maps discovered:
D:1:      lightli_arrival_quake, layout_basic, minivault_5
D:2:      layout_basic, serial_bayou_pond_e
D:3:      layout_basic, zin_academy, kiku_gazebo_pond_becter,
          shapermc_ecumenical_altar_mp_vishouse
D:4:      layout_loops_ring, gammafunk_temple_overflow_wave, elyvilon_altar_1,
          solitary_fountain, nicolae_elevator_lobby_asterisk
D:5:      layout_gridville
D:6:      layout_loops_ring, nicolae_ru_awakened_eye,
          minmay_temple_entry_crystal_x, portal_sewer_entry_a, serial_shops,
          shop_statue, uniq_prince_ribbit1, uniq_duvessa
D:7:      nicolae_BIG_FREAKIN_CUBE, layout_loops_ring, grunt_qazlal_clouds,
          mainiacjoe_overflow_tiny_flanked, serial_bayou, serial_bayou_lake_a,
          serial_bayou_lagoon_a, serial_bayou_pond_d, serial_bayou_lagoon_b,
          kennysheep_small_spiral
D:8:      layout_gridville, nicolae_dithmenos_the_darkroom,
          vehumet_altar_wand_db, nicolae_yredelemnul_ghost_church,
          kennysheep_small_square
Temple:   kb_corrupted_temple

Skill      XL: |  1  2  3  4  5  6  7  8  9 10 |
---------------+-------------------------------+-----
Axes           | 2 3 4 5 6 7 8 |  8.8
Fighting       | 4 5 6 |  6.4
Armour         | 4 5 6 7 |  7.8
Shields        | 4 5 6 |  6.0
Invocations    | 1 3 4 |  4.1
Evocations     | 1 3 |  3.3
Stealth        | |  0.1

Action                   |  1- 3 |  4- 6 |  7- 9 | 10-12 || total
-------------------------+-------+-------+-------+-------++-------
Melee: War axe           |   107 |    88 |   291 |    39 ||   525
  Use: Scroll            |     5 |     6 |     4 |       ||    15
       Potion            |       |     1 |     1 |       ||     2
Armor: Scale mail        |    19 |       |       |       ||    19
       Chain mail        |    35 |    26 |       |       ||    61
       Plate armour      |       |    44 |   163 |    32 ||   239
Dodge: Dodged            |    40 |    30 |    97 |     9 ||   176
Block: Buckler           |    29 |    26 |   109 |    20 ||   184
